 Dungeon Crawl Stone Soup version 0.29.0-4-gdea44cf6ec (webtiles) character file.

Game seed: 7237279664054435673

521 qw the Chopper (level 7, -8/36 (41) HPs)
             Began as a Tengu Warper on Aug 28, 2022.
             Was an Initiate of Okawaru.
             Mangled by a wight
             ... wielding a +2 morningstar
              (9 damage)
             ... on level 5 of the Dungeon.
             The game lasted 00:00:30 (5185 turns).

qw the Chopper (Tengu Warper)                       Turns: 5185, Time: 00:00:31

HP:   -8/36 (41)    AC:  8    Str: 11 (13) XL:     7   Next: 21%
MP:   11/11         EV:  6    Int: 11 (13) God:    Okawaru [......]
Gold: 192           SH:  0    Dex: 13 (14) Spells: 10/10 levels left

rFire   + . .      SeeInvis .   Y - +1 war axe
rCold   . . .      Faith    .   (no shield)
rNeg    + . .      Spirit   .   q - +0 chain mail
rPois   .          Reflect  .   (helmet restricted)
rElec   .          Harm     .   (no cloak)
rCorr   .          Rampage  .   (no gloves)
Will    .....                   (boots unavailable)
Stlth   ..........              e - amulet of the acrobat
HPRegen 0.12/turn               r - ring of positive energy
MPRegen 0.12/turn               g - ring of protection from fire

@: about to teleport, flying quickly and evasively, heavily drained, quick
A: beak, talons 3, nimble flight
a: Renounce Religion


You were on level 5 of the Dungeon.
You worshipped Okawaru.
Okawaru was noncommittal.
You visited 2 branches of the dungeon, and saw 7 of its levels.

You collected 192 gold pieces.


Innate Abilities, Weirdness & Mutations

You have a beak for a mouth.
You have claws for feet.
Your magical nature lets you fly swiftly and evasively.


   Skills:
 - Level 3.0 Fighting
 + Level 7.8 Axes
 - Level 1.0 Throwing
 - Level 2.1 Armour
 - Level 2.1 Dodging
 - Level 2.0 Spellcasting
 - Level 2.4 Translocations


You had 10 spell levels left.
You didn't know any spells.
Your spell library contained the following spells:

 Spells                   Type           Power      Damage    Failure   Level
 Blink                    Tloc           12%        N/A       100%        2
 Gell's Gravitas          Tloc           6%         N/A       100%        3
 Lesser Beckoning         Tloc           6%         N/A       100%        3
 Teleport Other           Tloc           6%         N/A       100%        3
 Manifold Assault         Tloc           6%         N/A       100%        5

Inventory:

Hand Weapons
 a - a +0 morningstar
 Y - a +1 war axe (weapon)
Armour
 q - a +0 chain mail (worn)
Jewellery
 e - an amulet of the acrobat (around neck)
 g - a ring of protection from fire (right hand)
 r - a ring of positive energy (left hand)
Scrolls
 b - a scroll of identify
 j - 4 scrolls of enchant armour
Potions
 c - a potion of curing {unknown}
 d - a potion of cancellation {unknown}
 f - a potion of haste {unknown}
 h - a potion of mutation {unknown}
 i - a potion of might {unknown}
 k - a potion of ambrosia {unknown}
 l - a potion of attraction {unknown}
 m - a potion of brilliance {unknown}
 n - a potion of heal wounds {unknown}

Dungeon Overview and Level Annotations

Branches:
Dungeon (6/15)             Temple (1/1) D:5

Altars:
Ashenzari
Cheibriados
Elyvilon
Fedhas
Gozag
Hepliaklqana
Kikubaaqudgha
Makhleb
Nemelex Xobeh
Okawaru
Qazlal
Ru
Sif Muna
Trog
Uskayaw
Vehumet
Wu Jian
Xom
Yredelemnul
Zin
The Shining One


Message History

You feel your dexterity returning.
You start resting.
HP restored.
Things that are here:
a +5 dagger; a +0 robe Done exploring.
(D) Dungeon (T) Temple
Where to? (* - list waypoints, Enter - D:6, ? - help)
What level of the Dungeon? (default 1, ? - help)
There is a stone staircase leading down here.
You fly downwards.
The wight hits you with a +2 morningstar!
There is a stone staircase leading up, spattered with blood here.
5177 ||| STAIRDANCE The wight hits you with a +2 morningstar.
You fly upwards.
There is a stone staircase leading down here.
You hit the wight but do no damage. You claw the wight, but do no damage.
The wight barely misses you.
You barely miss the wight. The wight barely misses you.
You hit the wight but do no damage.
The wight hits you with a +2 morningstar!
You slash the wight! Your kick misses the wight. Your peck misses the wight.
The wight is severely damaged.
The wight hits you with a +2 morningstar!
You partially resist.
You feel drained.
5183 ||| READING scroll of teleportation.
As you read the scroll of teleportation, it crumbles to dust.
You feel strangely unstable. The wight barely misses you.
You hit the wight but do no damage. You claw the wight, but do no damage.
You peck the wight, but do no damage.
The wight is severely damaged.
The wight hits you with a +2 morningstar. x2
You partially resist.
You feel drained.
You closely miss the wight.
The wight is severely damaged.
The wight hits you with a +2 morningstar!
You die...

###..# #..# #....#
..#..# #..###.##.#
#.#..#########..?...##.#
#.#.............#.####.#
#...........[.....# #.#
################.## #.#
#.# #.# ##.#####.#
#.@z...[.# ##.#######
###


You could see a wight.

Vanquished Creatures
  A phantom (D:5)
  A scorpion (D:4)
  A wight (D:5)
  2 hounds (D:5)
  2 orc priests
  4 gnolls (D:4)
  7 adders
  A white imp (D:5)
  2 ufetubi (D:5)
  A worm (D:3)
  A dart slug (D:2)
  6 orcs
  6 ball pythons
  7 endoplasms
  3 giant cockroaches
  3 hobgoblins
  10 jackals
  4 quokkas
  8 bats
  6 frilled lizards
  7 goblins
  13 kobolds
  2 rats
98 creatures vanquished.

Notes
Turn   | Place    | Note
-------+----------+-------------------------------------------
     0 | D:1      | qw the Tengu Warper began the quest for the Orb.
     0 | D:1      | Reached XP level 1. HP: 12/12 MP: 4/4
     0 | D:1      | 0 ||| qw: Version: 0.1-a-89-g26bdef1
     0 | D:1      | 0 ||| qw: Game counter: 1116
     0 | D:1      | 0 ||| qw: Always use a shield: true
     0 | D:1      | 0 ||| qw: God list: Okawaru
     0 | D:1      | 0 ||| qw: Allow faded altars: false
     0 | D:1      | 0 ||| qw: Do Orc after D:15 true
     0 | D:1      | 0 ||| qw: Do second Lair branch before Depths: true
     0 | D:1      | 0 ||| qw: Lair rune preference: random
     0 | D:1      | 0 ||| qw: Plans: Normal
     0 | D:1      | 0 ||| PLANNING D:1-11
   152 | D:1      | Reached XP level 2. HP: 17/17 MP: 6/6
   245 | D:1      | Reached skill level 3 in Axes
   425 | D:1      | Found a faded altar of an unknown god.
   475 | D:1      | 475 ||| Stepping ~*~*~tactically~*~*~ (stealth).
   477 | D:1      | 477 ||| Stepping ~*~*~tactically~*~*~ (stealth).
   478 | D:1      | 478 ||| Stepping ~*~*~tactically~*~*~ (stealth).
  1003 | D:1      | 1003 ||| UPGRADING to +0 ring mail.
  1013 | D:1      | 1013 ||| DROPPING +0 leather armour.
  1014 | D:1      | 1014 ||| DROPPING ring of flight.
  1015 | D:1      | 1015 ||| READING scroll labelled CEENU SIDUE.
  1016 | D:1      | 1016 ||| READING 2 scrolls labelled IBAHAO UWUN.
  1017 | D:1      | 1017 ||| READING scroll labelled OKASYCLOENG.
  1018 | D:1      | 1018 ||| DROPPING scroll of blinking.
  1074 | D:2      | Reached XP level 3. HP: 21/21 MP: 7/7
  1182 | D:2      | 1182 ||| Stepping ~*~*~tactically~*~*~ (stealth).
  1215 | D:2      | 1215 ||| Stepping ~*~*~tactically~*~*~ (stealth).
  1221 | D:2      | Reached skill level 4 in Axes
  1228 | D:2      | Reached XP level 4. HP: 24/26 MP: 8/8
  1629 | D:2      | 1629 ||| Stepping ~*~*~tactically~*~*~ (stealth).
  1809 | D:2      | Reached skill level 5 in Axes
  2058 | D:2      | 2058 ||| UPGRADING to +0 ring mail of cold resistance.
  2068 | D:2      | 2068 ||| DROPPING +0 ring mail.
  2069 | D:2      | 2069 ||| DROPPING +6 ring of intelligence.
  2070 | D:2      | 2070 ||| READING scroll labelled WOMPIH QUM.
  2071 | D:2      | 2071 ||| READING scroll labelled RUUFUM PATELE.
  2072 | D:2      | 2072 ||| READING scroll labelled PETZUL UPOZU.
  2073 | D:2      | 2073 ||| READING scroll labelled YWAODGHUFFI.
  2095 | D:3      | 2095 ||| DROPPING +0 mace.
  2316 | D:3      | 2316 ||| Stepping ~*~*~tactically~*~*~ (stealth).
  2317 | D:3      | 2317 ||| Stepping ~*~*~tactically~*~*~ (stealth).
  2322 | D:3      | 2322 ||| Stepping ~*~*~tactically~*~*~ (stealth).
  2323 | D:3      | 2323 ||| Stepping ~*~*~tactically~*~*~ (stealth).
  2368 | D:3      | Gained mutation: Your magical nature lets you fly swiftly
                  | and evasively. [Tengu growth]
  2368 | D:3      | Reached XP level 5. HP: 30/30 MP: 9/9
  2384 | D:3      | 2384 ||| READING scroll of enchant weapon.
  2384 | D:3      | 2384 ||| ENCHANTING +1 hand axe of protection.
  2571 | D:3      | 2571 ||| UPGRADING to amulet of the acrobat.
  2576 | D:3      | 2576 ||| READING scroll labelled LIRRIA HEPPI.
  2579 | D:3      | 2579 ||| READING scroll labelled FAYZIO COXKAGU.
  2609 | D:4      | 2609 ||| Stepping ~*~*~tactically~*~*~ (stealth).
  2714 | D:4      | 2714 ||| Stepping ~*~*~tactically~*~*~ (stealth).
  2721 | D:4      | 2721 ||| FLEEEEING.
  2807 | D:4      | 2807 ||| SWAPPING to +0 war axe.
  2808 | D:4      | 2808 ||| DROPPING +2 hand axe of protection.
  2834 | D:4      | 2834 ||| Stepping ~*~*~tactically~*~*~ (stealth).
  2861 | D:4      | Reached skill level 6 in Axes
  3227 | D:4      | 3227 ||| Stepping ~*~*~tactically~*~*~ (stealth).
  3228 | D:4      | 3228 ||| Stepping ~*~*~tactically~*~*~ (stealth).
  3259 | D:4      | Reached skill level 7 in Axes
  3259 | D:4      | Reached XP level 6. HP: 19/35 MP: 10/10
  3259 | D:4      | 3259 ||| FLEEEEING.
  3268 | D:4      | HP: 8/35 [poisoned by a scorpion]
  3271 | D:4      | 3271 ||| FLEEEEING.
  3272 | D:4      | 3272 ||| FLEEEEING.
  3327 | D:4      | 3327 ||| FLEEEEING.
  3328 | D:4      | 3328 ||| FLEEEEING.
  3329 | D:4      | 3329 ||| FLEEEEING.
  3330 | D:4      | 3330 ||| FLEEEEING.
  3331 | D:4      | 3331 ||| FLEEEEING.
  3332 | D:4      | 3332 ||| FLEEEEING.
  3333 | D:4      | 3333 ||| FLEEEEING.
  3334 | D:4      | 3334 ||| FLEEEEING.
  3335 | D:4      | 3335 ||| FLEEEEING.
  3336 | D:4      | 3336 ||| FLEEEEING.
  3337 | D:4      | 3337 ||| FLEEEEING.
  3338 | D:4      | 3338 ||| FLEEEEING.
  3339 | D:4      | 3339 ||| FLEEEEING.
  3340 | D:4      | 3340 ||| FLEEEEING.
  3341 | D:4      | 3341 ||| FLEEEEING.
  3342 | D:4      | 3342 ||| FLEEEEING.
  3344 | D:4      | 3344 ||| FLEEEEING.
  3345 | D:4      | 3345 ||| FLEEEEING.
  3346 | D:4      | 3346 ||| FLEEEEING.
  3347 | D:4      | 3347 ||| FLEEEEING.
  3348 | D:4      | 3348 ||| FLEEEEING.
  3349 | D:4      | 3349 ||| FLEEEEING.
  3357 | D:4      | 3357 ||| STAIRDANCE
  3511 | D:3      | 3511 ||| UPGRADING to +0 chain mail.
  3521 | D:3      | 3521 ||| DROPPING +0 ring mail of cold resistance.
  3522 | D:3      | 3522 ||| UPGRADING to ring of positive energy.
  3523 | D:3      | 3523 ||| READING scroll labelled IWAUNA NATHRACWE.
  3524 | D:3      | 3524 ||| DRINKING 2 smoky brown potions.
  3525 | D:3      | 3525 ||| DROPPING potion of degeneration.
  3668 | D:4      | 3668 ||| READING scroll of enchant weapon.
  3668 | D:4      | 3668 ||| ENCHANTING +0 war axe.
  3763 | D:4      | 3763 ||| Stepping ~*~*~tactically~*~*~ (stealth).
  3790 | D:4      | 3790 ||| Stepping ~*~*~tactically~*~*~ (stealth).
  3848 | D:4      | 3848 ||| READING scroll labelled RAIBRIMIT.
  3874 | D:5      | Entered Level 5 of the Dungeon
  3900 | D:5      | HP: 7/35 [hound (4)]
  3901 | D:5      | 3901 ||| READING scroll of teleportation.
  3901 | D:5      | HP: 3/35 [orc priest/+0 club (4)]
  4529 | D:5      | Found a staircase to the Ecumenical Temple.
  4530 | D:5      | 4530 ||| PLANNING TEMPLE
  4530 | D:5      | 4530 ||| UPGRADING to ring of protection from fire.
  4545 | D:5      | Reached skill level 3 in Fighting
  4570 | Temple   | Entered the Ecumenical Temple
  4578 | Temple   | Became a worshipper of Warmaster Okawaru
  4713 | Temple   | 4713 ||| PLANNING D:1-11
  4734 | D:5      | Identified the +1 ring mail of Disguise {rC+}
  4889 | D:5      | Reached XP level 7. HP: 31/41 MP: 11/11
  4965 | D:5      | Found a glowing golden altar of the Shining One.
  5007 | D:5      | 5007 ||| DROPPING +1 ring mail of Disguise {rC+}.
  5016 | D:6      | 5016 ||| STAIRDANCE
  5177 | D:6      | 5177 ||| STAIRDANCE
  5182 | D:5      | HP: 4/39 [wight/+2 morningstar (12)]
  5183 | D:5      | 5183 ||| READING scroll of teleportation.
  5184 | D:5      | HP: 1/37 [wight/+2 morningstar (1)]
  5185 | D:5      | Mangled by a wight

Levels and vault maps discovered:
D:1:      wander_arrival_lonely_grave, layout_loops_ring,
          nicolae_ecumenical_lake_church
D:2:      cheibrodos_helix_gallery, layout_loops_ring
D:3:      layout_rooms
D:4:      layout_loops_ring, minmay_misc_feat_room
D:5:      layout_loops_ring, nicolae_tso_swordbearing_angel, temple_pool_b
D:6:      layout_basic, minmay_tree_intersection, uniq_pikel
Temple:   nicolae_temple_bog_church

Skill      XL: |  1  2  3  4  5  6 |
---------------+-------------------+-----
Axes           | 3 4 5 7 |  7.8
Armour         | 2 |  2.1
Fighting       | 3 |  3.0
Throwing       | |  1.0
Dodging        | |  2.1
Spellcasting   | |  2.0
Translocations | |  2.4

Action                   |  1- 3 |  4- 6 |  7- 9 || total
-------------------------+-------+-------+-------++-------
Melee: Hand axe          |    61 |    88 |       ||   149
       Kick              |    16 |    41 |     2 ||    59
       Peck              |     7 |    29 |     1 ||    37
       War axe           |       |    93 |    12 ||   105
       Punch             |       |     1 |       ||     1
Throw: Boomerang         |     7 |       |       ||     7
  Use: Scroll            |     3 |    11 |     1 ||    15
       Potion            |       |     1 |       ||     1
Armor: Leather armour    |    14 |       |       ||    14
       Ring mail         |    17 |    33 |       ||    50
       Chain mail        |       |    33 |     1 ||    34
Dodge: Dodged            |    49 |   103 |     4 ||   156

Table legend:
 A = Non-vault XP
 B = Vault XP
 C = Vault XP percentage of total XP
 D = Non-vault monster count
 E = Vault monster count
 F = Vault count percentage of total count
                 A         B        C        D         E       F
            +---------+---------+-------+---------+---------+-------
      Total |     719 |      26 |   3.5 |      96 |       2 |   2.0
            +---------+---------+-------+---------+---------+-------
        D:1 |      30 |       0 |   0.0 |      19 |       0 |   0.0
        D:2 |      72 |      26 |  26.5 |      21 |       2 |   8.7
        D:3 |      45 |       0 |   0.0 |      18 |       0 |   0.0
        D:4 |     235 |       0 |   0.0 |      28 |       0 |   0.0
        D:5 |     337 |       0 |   0.0 |      10 |       0 |   0.0
            +---------+---------+-------+---------+---------+-------
